 Dungeon Crawl Stone Soup version 0.26-a0-540-g8a0c9464d7 (webtiles) character file.

Game seed: 10020348238484767405

1 vurker the Covert (level 1, -7/23 HPs)
             Began as a Gnoll Delver on Aug 23, 2020.
             Mangled by Duvessa
             ... wielding a +0 rapier
              (11 damage)
             ... on level 5 of the Dungeon.
             The game lasted 00:00:42 (232 turns).

vurker the Covert (Gnoll Delver)                     Turns: 232, Time: 00:00:43

Health: -7/23      AC:  3    Str: 14    XL:     1   Next: 20%
Magic:  1/1        EV: 14    Int: 12    God:
Gold:   31         SH:  0    Dex: 16    Spells: 0/0 levels left

rFire    . . .     SeeInvis .   a - +0 mace
rCold    . . .     Faith    .   (no shield)
rNeg     . . .     Spirit   .   b - +0 leather armour
rPois    .         Reflect  .   (no helmet)
rElec    .         Harm     .   (no cloak)
rCorr    .                      (no gloves)
MR       .....                  (no boots)
Stlth    ++++......             (no amulet)
HPRegen  0.07/turn              (no ring)
MPRegen  0.07/turn              (no ring)

@: no status effects
A: distributed training, fangs 1, strong nose
a: no special abilities


You were on level 5 of the Dungeon.
You visited 1 branch of the dungeon, and saw 2 of its levels.

You collected 31 gold pieces.

Inventory:

Hand Weapons
 a - a +0 mace (weapon)
Armour
 b - a +0 leather armour (worn)
Wands
 u - a wand of paralysis (3)
   (You found it on level 5 of the Dungeon)
 v - a wand of digging (3)
Scrolls
 c - a scroll of fog
 d - a scroll of magic mapping
 e - a scroll of fear
Potions
 f - a potion of haste
 g - a potion of heal wounds {unknown}
 h - a potion of curing {unknown}


   Skills:
 + Level 6.4 Fighting
 + Level 0.0 Short Blades
 + Level 0.0 Long Blades
 + Level 0.0 Axes
 + Level 4.4 Maces & Flails
 + Level 0.0 Polearms
 + Level 0.0 Staves
 + Level 0.0 Slings
 + Level 0.0 Bows
 + Level 0.0 Crossbows
 + Level 0.0 Throwing
 + Level 0.0 Armour
 + Level 4.4 Dodging
 + Level 9.5 Stealth
 + Level 0.0 Shields
 + Level 0.0 Unarmed Combat
 + Level 0.0 Spellcasting
 + Level 0.0 Conjurations
 + Level 0.0 Hexes
 + Level 0.0 Summonings
 + Level 0.0 Necromancy
 + Level 0.0 Translocations
 + Level 0.0 Transmutations
 + Level 0.0 Fire Magic
 + Level 0.0 Ice Magic
 + Level 0.0 Air Magic
 + Level 0.0 Earth Magic
 + Level 0.0 Poison Magic
 + Level 0.0 Invocations
 + Level 0.0 Evocations


You couldn't memorise any spells.
You didn't know any spells.
Your spell library was empty.

Dungeon Overview and Level Annotations

Branches:
Dungeon (6/15)
 Temple: D:4-7

Altars:

Annotations:
D:5 Dowan, Duvessa


Innate Abilities, Weirdness & Mutations

Your experience applies equally to all skills.
You have very sharp teeth.
Your uncanny sense of smell can sniff out nearby items.


Message History

You kill the jackal!
No target in view!
No target in view!
No target in view!
No target in view!
No target in view!
No target in view!
No target in view!
No target in view!
No target in view!
No target in view!
No target in view!
No target in view!
No target in view!
You see here a jackal corpse.
You now have 31 gold pieces (gained 14).
u - a wand of paralysis (3)
Found an escape hatch in the floor.
Found a black potion.
h - a black potion
Found a hand axe.
Dowan, Brother of Duvessa comes into view.
He is wielding a +0 dagger.
Duvessa, Sister of Dowan comes into view.
She is wielding a +0 rapier.
Duvessa shouts!
There is an escape hatch in the floor here.
There is a stone staircase leading down here.
You climb downwards.
A leopard gecko and an ufetubus come into view.
The ufetubus shouts!
You hear a loud, deep croak!
Found a fizzy cyan potion, a runed robe and 12 gold pieces.
Found a stone staircase leading down.
There is a stone staircase leading up here.
You climb upwards.
Level annotation: Dowan, Duvessa
There is a stone staircase leading down here.
Duvessa says, "When magic and the sword combine, nothing stands against them."
You hit Duvessa. Duvessa closely misses you.
You closely miss Duvessa. Duvessa hits you but does no damage.
You hit Duvessa. Your bite misses Duvessa. Duvessa barely misses you.
You hit Duvessa. Duvessa hits you with a +0 rapier!
You barely miss Duvessa. Duvessa barely misses you.
You barely miss Duvessa. Duvessa hits you with a +0 rapier.
* * * LOW HITPOINT WARNING * * *
Dowan shouts!
You hit Duvessa but do no damage. Duvessa hits you with a +0 rapier!
* * * LOW HITPOINT WARNING * * *
You barely miss Duvessa. Duvessa barely misses you.
You hit Duvessa. You bite Duvessa, but do no damage.
Duvessa hits you with a +0 rapier!
You die...

............##
.........>..#
............###
##...........#####
##.............#.#
#..........###..#
#....).....# ##e#
##..........## #e#
#.............##@#
#................#
................#.
................###
.(.............##
..###..........#
..# ##........##
†## ##........ .#
##.........


You could see Duvessa and Dowan.

Vanquished Creatures
  A jackal (D:5)
1 creature vanquished.

Notes
Turn   | Place    | Note
-------+----------+-------------------------------------------
     0 | D:5      | Reached skill level 9 in Stealth
     0 | D:5      | vurker the Gnoll Delver began the quest for the Orb.
     0 | D:5      | Reached XP level 1. HP: 23/23 MP: 1/1
    15 | D:5      | Noticed a centaur
   167 | D:5      | Noticed Dowan
   169 | D:5      | Noticed Duvessa
   232 | D:5      | Mangled by Duvessa

Illustrated notes

Levels and vault maps discovered:
D:5:      layout_layer_cave, marbit_many_paths, grunt_ministairs_12,
          uniq_crazy_yiuf_cottage, uniq_ijyb, uniq_duvessa
D:6:      layout_basic, minmay_temple_entry_junction,
          kennysheep_generic_room_11, uniq_grinder

Skill      XL: | |
---------------+-+-----
Stealth        | |  9.5
Fighting       | |  6.4
Maces & Flails | |  4.4
Dodging        | |  4.4

Action                   || total
-------------------------++-------
Melee: Mace              ||    12
       Bite              ||     1
Armor: Leather armour    ||     1
Dodge: Dodged            ||     7

Table legend: (Time is in decaauts)
 A = Elapsed time spent in this place.
 B = Non-inter-level travel time spent in this place.
 C = Inter-level travel time spent in this place.
 D = Time resting spent in this place.
 E = Time spent auto-exploring this place.
 F = Levels seen in this place.
 G = Mean time per level.
                   A        B        C        D        E       F      G
               +--------+--------+--------+--------+--------+-----+--------+
         Total |    234 |    234 |      0 |      0 |    104 |   2 |  117.0 |
       Dungeon |    234 |    234 |      0 |      0 |    104 |   2 |  117.0 |
               +--------+--------+--------+--------+--------+-----+--------+

Top non-repeatable levels by time:
     D:5: 232 daAuts
     D:6: 1 daAuts
